 Dungeon Crawl Stone Soup version 0.22.1-2-g9c5b331 (webtiles) character file.

289 TheAlmogaver the Magician (level 6, -2/44 HPs)
             Began as a Gnoll Wizard on Jan 3, 2019.
             Slain by a killer bee (10 damage)
             ... on level 5 of the Dungeon.
             The game lasted 00:17:11 (3154 turns).

TheAlmogaver the Magician (Gnoll Wizard)            Turns: 3154, Time: 00:17:12

Health: -2/44      AC:  2    Str:  9    XL:     6   Next: 31%
Magic:  3/16       EV: 15    Int: 22    God:
Gold:   123        SH:  0    Dex: 14    Spells: 8/19 levels left

rFire    . . .     SeeInvis .   g - +1 dagger (flame)
rCold    . . .     Gourm    .   (no shield)
rNeg     . . .     Faith    .   a - +0 robe
rPois    .         Spirit   .   b - +0 hat
rElec    .         Reflect  .   (no cloak)
rCorr    .         Harm     .   (no gloves)
MR       .....                  (no boots)
Stlth    +++.......             (no amulet)
HPRegen  0.14/turn              (no ring)
MPRegen  0.15/turn              (no ring)

@: lethally poisoned (-2 -> -7), about to teleport
A: distributed training, fangs 1, strong nose
a: no special abilities


You were on level 5 of the Dungeon.
You were not hungry.

You visited 1 branch of the dungeon, and saw 5 of its levels.

You collected 123 gold pieces.

Inventory:

Hand Weapons
 g - a +1 dagger of flaming (weapon)
Missiles
 e - 103 arrows
Armour
 a - a +0 robe (worn)
 b - a +0 hat (worn)
Jewellery
 i - a +3 ring of protection {unknown}
 k - an uncursed ring of fire {unknown}
Scrolls
 l - a scroll of remove curse {unknown}
 n - a scroll of identify {unknown}
Potions
 f - a potion of degeneration {unknown}
 j - 3 potions of curing {unknown}
 m - a potion of might {unknown}
Comestibles
 d - 3 rations


   Skills:
 + Level 1.8 Fighting
 + Level 1.8 Short Blades
 + Level 1.8 Long Blades
 + Level 1.8 Axes
 + Level 1.8 Maces & Flails
 + Level 1.8 Polearms
 + Level 1.8 Staves
 + Level 1.8 Slings
 + Level 1.8 Bows
 + Level 1.8 Crossbows
 + Level 1.8 Throwing
 + Level 1.8 Armour
 + Level 4.9 Dodging
 + Level 4.5 Stealth
 + Level 1.8 Shields
 + Level 1.8 Unarmed Combat
 + Level 7.4 Spellcasting
 + Level 2.6 Conjurations
 + Level 1.4 Hexes
 + Level 1.4 Charms
 + Level 2.6 Summonings
 + Level 1.4 Necromancy
 + Level 2.6 Translocations
 + Level 1.4 Transmutations
 + Level 1.4 Fire Magic
 + Level 1.4 Ice Magic
 + Level 1.4 Air Magic
 + Level 1.4 Earth Magic
 + Level 1.4 Poison Magic
 + Level 2.0 Invocations
 + Level 1.8 Evocations


You had 8 spell levels left.
You knew the following spells:

 Your Spells              Type           Power        Failure   Level  Hunger
a - Magic Dart            Conj           ###.         2%          1    None
b - Blink                 Tloc           N/A          4%          2    None
c - Call Imp              Summ           ###.....     4%          2    None
d - Conjure Flame         Conj/Fire      ###.....     11%         3    None
e - Mephitic Cloud        Conj/Pois/Air  ###.....     11%         3    None

Your spell library contained the following spells:

 Spells                   Type           Power        Failure   Level  Hunger
 Slow                     Hex            ##......     7%          2    None


Dungeon Overview and Level Annotations

Branches:
Dungeon (6/15)
 Temple: D:4-7

Altars:
Gozag
Yredelemnul

Shops:
D:6 (

Annotations:
D:2 1 runed door


Innate Abilities, Weirdness & Mutations

Your experience applies equally to all skills.
You have very sharp teeth.
Your uncanny sense of smell can sniff out nearby items.


Message History

The killer bee closely misses your crimson imp.
The killer bee barely misses your crimson imp.
Your crimson imp hits the killer bee but does no damage.
The killer bee barely misses your crimson imp.
The killer bee closely misses your crimson imp.
Your crimson imp misses the killer bee.
You feel sick.
The killer bee stings your crimson imp but does no damage.
The killer bee stings your crimson imp!
Your crimson imp misses the killer bee.
You feel sick. The killer bee stings your crimson imp.
The killer bee stings your crimson imp!
Your crimson imp dies!
You feel sick.
As you read the scroll labeled YMUOTRUVIL, it crumbles to dust.
You hear a loud clanging noise!
It was a scroll of noise.
You feel sick.
As you read the scroll labeled TYMENK VUTA, it crumbles to dust.
You feel strangely unstable.
It was a scroll of teleportation.
The killer bee closely misses you. The killer bee stings you!
You die...

#.#5#####.####.#
#.#............#
#.#######y######
#.# #y# #.# #.#
#.# #.# #.# ##.##
#.# ##)yy##
######.#####.###@#
.....5.......# #.#
#####.######.###.#
#.# ##....# #.#
##.#.# #.# ##.#.##
..# #.....# ###
#.....# #.....#


You could see 2 killer bees.

Vanquished Creatures
  A bullfrog (D:6)
  A centaur zombie (D:5)
  A human zombie (D:2)
  2 worker ants (D:5)
  An adder (D:2)
  A worm (D:2)
  2 leopard geckos
  2 ball pythons
  3 giant cockroaches
  2 goblins
  5 hobgoblins
  5 kobolds
  A quokka (D:2)
  6 bats
  6 frilled lizards
  2 rats (D:1)
41 creatures vanquished.

Vanquished Creatures (collateral kills)
  A bullfrog (D:6)
  2 killer bees (D:5)
  A worker ant zombie (D:6)
  2 worms (D:2)
  A giant cockroach (D:2)
  A hobgoblin (D:2)
  A rat (D:2)
9 creatures vanquished.

Grand Total: 50 creatures vanquished

Notes
Turn   | Place    | Note
-------+----------+-------------------------------------------
     0 | D:1      | TheAlmogaver the Gnoll Wizard began the quest for the Orb.
     0 | D:1      | Reached XP level 1. HP: 13/13 MP: 8/8
   177 | D:1      | Reached XP level 2. HP: 19/19 MP: 6/10
   908 | D:2      | Reached skill level 1 in Invocations
   908 | D:2      | Reached XP level 3. HP: 14/25 MP: 0/11
  1037 | D:2      | Found a runed door.
  1037 | D:2      | Noticed a human
  1053 | D:2      | Learned a level 2 spell: Blink
  1056 | D:2      | Learned a level 2 spell: Call Imp
  1060 | D:2      | Learned a level 3 spell: Conjure Flame
  1064 | D:2      | Learned a level 3 spell: Mephitic Cloud
  1070 | D:2      | Found a basalt altar of Yredelemnul.
  1100 | D:2      | Reached skill level 1 in Fighting
  1100 | D:2      | Reached skill level 1 in Short Blades
  1100 | D:2      | Reached skill level 1 in Long Blades
  1100 | D:2      | Reached skill level 1 in Axes
  1100 | D:2      | Reached skill level 1 in Maces & Flails
  1100 | D:2      | Reached skill level 1 in Polearms
  1100 | D:2      | Reached skill level 1 in Staves
  1100 | D:2      | Reached skill level 1 in Slings
  1100 | D:2      | Reached skill level 1 in Bows
  1100 | D:2      | Reached skill level 1 in Crossbows
  1100 | D:2      | Reached skill level 1 in Throwing
  1100 | D:2      | Reached skill level 1 in Armour
  1100 | D:2      | Reached skill level 1 in Shields
  1100 | D:2      | Reached skill level 1 in Unarmed Combat
  1100 | D:2      | Reached skill level 1 in Evocations
  1359 | D:2      | Reached XP level 4. HP: 32/32 MP: 10/13
  1799 | D:2      | Found an opulent altar of Gozag.
  2363 | D:3      | You fall through a shaft for 3 floors!
  2363 | D:6      | Found Vydidibb's Antique Weapon Emporium.
  2430 | D:6      | Noticed a bullfrog
  2446 | D:6      | Killed a bullfrog
  2446 | D:6      | Reached skill level 1 in Hexes
  2446 | D:6      | Reached skill level 1 in Charms
  2446 | D:6      | Reached skill level 1 in Necromancy
  2446 | D:6      | Reached skill level 1 in Transmutations
  2446 | D:6      | Reached skill level 1 in Fire Magic
  2446 | D:6      | Reached skill level 1 in Ice Magic
  2446 | D:6      | Reached skill level 1 in Air Magic
  2446 | D:6      | Reached skill level 1 in Earth Magic
  2446 | D:6      | Reached skill level 1 in Poison Magic
  2446 | D:6      | Reached XP level 5. HP: 37/37 MP: 9/14
  2468 | D:6      | Noticed a centaur
  2469 | D:5      | Entered Level 5 of the Dungeon
  2952 | D:6      | Noticed an ogre
  3126 | D:5      | Reached XP level 6. HP: 44/44 MP: 6/16
  3154 | D:5      | Slain by a killer bee

Skill      XL: |  1  2  3  4  5  6 |
---------------+-------------------+-----
Conjurations   | 2 |  2.6
Summonings     | 2 |  2.6
Translocations | 2 |  2.6
Invocations    | 1 2 |  2.0
Fighting       | 1 |  1.8
Short Blades   | 1 |  1.8
Long Blades    | 1 |  1.8
Axes           | 1 |  1.8
Maces & Flails | 1 |  1.8
Polearms       | 1 |  1.8
Staves         | 1 |  1.8
Slings         | 1 |  1.8
Bows           | 1 |  1.8
Crossbows      | 1 |  1.8
Throwing       | 1 |  1.8
Armour         | 1 |  1.8
Shields        | 1 |  1.8
Unarmed Combat | 1 |  1.8
Evocations     | 1 |  1.8
Hexes          | 1 |  1.4
Charms         | 1 |  1.4
Necromancy     | 1 |  1.4
Transmutations | 1 |  1.4
Fire Magic     | 1 |  1.4
Ice Magic      | 1 |  1.4
Air Magic      | 1 |  1.4
Earth Magic    | 1 |  1.4
Poison Magic   | 1 |  1.4
Dodging        | |  4.9
Stealth        | |  4.5
Spellcasting   | |  7.4

Action                   |  1- 3 |  4- 6 || total
-------------------------+-------+-------++-------
Melee: Dagger            |     6 |    78 ||    84
       Bite              |     1 |     5 ||     6
 Cast: Magic Dart        |    50 |    58 ||   108
       Call Imp          |     3 |    35 ||    38
       Mephitic Cloud    |       |     2 ||     2
       Conjure Flame     |       |     2 ||     2
  Use: Scroll            |       |     2 ||     2
 Stab: Confused          |       |     1 ||     1
  Eat: Ration            |     1 |     1 ||     2
Armor: Robe              |     2 |    14 ||    16
Dodge: Dodged            |     7 |    69 ||    76
